[Event "Late-Titled-Tuesday-Blitz-October-03-2023"]
[Site "Chess.com"]
[Date "2023.10.03"]
[Round "6"]
[White "kingofthenil"]
[Black "reevecanada"]
[Result "0-1"]
[WhiteElo "2771"]
[BlackElo "2575"]
[TimeControl "180+1"]
[EndTime "15:04:41 PDT"]
[Termination "reevecanada won on time"]

1. d4 Nf6 2. c4 g6 3. Nc3 d5 4. Bf4 Bg7 5. e3 O-O 6. Rc1 a6 7. c5 Nc6 8. Nf3 Ne4 9. Bd3 e5 10. dxe5 Nxc5 11. Bb1 Be6 12. O-O b6 13. Qe2 h6 14. Rfd1 Ne7 15. e4 c6 16. Nd4 Qc8 17. Nxc6 Qxc6 18. b4 d4 19. Rxd4 Nb7 20. Nd5 Nxd5 21.
exd5 Qd7 22. Qd2 Bf5 23. e6 fxe6 24. Rc7 Qd8 25. Bxf5 Rxf5 26. Rxb7 e5 27. Bxh6 Bf6 28. Rg4 g5 29. h4 Qc8 30. Bxg5 Qxb7 31. Bxf6+ Kh7 32.
Qh6+ Kxh6 33. Bg5+ Kh5 34. f3 Qxd5 35. Re4 Qd1+ 36.
Kf2 Rxf3+ 37. gxf3 Rf8 38. Re3 Qd4 39. Ke2 Rc8 40.
Kf2 Rc2+ 41. Kg3 Qd1 42. Rxe5 Qg1+ 43. Kf4 Qh2+ 44. Kf5 Qh3+ 45. Kf6 Rc6+ 46. Ke7 Rc7+ 47. Kf6 Qd7 48. Bf4+ Kxh4 49. Re6 Qf7+ 50. Ke5 Re7 51. Bg5+ Kxg5 52. f4+ Qxf4+ 0-1

[Event "Late-Titled-Tuesday-Blitz-October-03-2023"]
[Site "Chess.com"]
[Date "2023.10.03"]
[Round "6"]
[White "carlospaul1990"]
[Black "Mikhal867"]
[Result "1-0"]
[WhiteElo "2351"]
[BlackElo "2462"]
[TimeControl "180+1"]
[EndTime "15:04:41 PDT"]
[Termination "carlospaul1990 won on time"]

1. d4 Nf6 2. c4 g6 3. g3 Bg7 4. Bg2 O-O 5. Nc3 d6 6. Nf3 Nbd7 7. O-O e5 8. e4 c6 9. h3 Qb6 10. Re1 exd4 11. Nxd4 Nc5 12. Rb1 a5 13. Be3 Re8 14.
Qc2 a4 15. b4 axb3 16. axb3 Qb4 17. Na2 Qa3 18. Nc3 Nfd7 19. b4 Ne6 20. Rb3 Qa6 21.
b5 Nxd4 22. Bxd4 Qa5 23. Bxg7 Kxg7 24. Rd1 Ne5 25. Ne2 Be6 26. Rc3 Qa4 27. bxc6 bxc6 28. Rxd6 Qxc2 29. Rxc2 Bxc4 30. f4 Bxe2 31. Rxe2 Ra1+ 32.
Kh2 Nc4 33. Rxc6 Na5 34. Ra6 Nb3 35. Rxa1 Nxa1 36. Rb2 Rc8 37. e5 Nc2 38. Rb7 Kg8 39. Bd5 Rf8 40. g4 Ne3 41. Bb3 h5 42. Kg3 hxg4 43.
hxg4 Nf1+ 44. Kf3 Nd2+ 45. Ke3 Nxb3 46. Rxb3 Rc8 47. Ke4 Rc4+ 48. Ke3 Ra4 49. Rd3 Rb4 50. Rd4 Rb3+ 51. Ke4 Rb1 52. f5 gxf5+ 53. gxf5 Re1+ 54.
Kd5 Rf1 55. Rg4+ Kh7 56. f6 Rd1+ 57. Kc6 Re1 58. Kd6 Kh6 59. Rg7 1-0

[Event "Late-Titled-Tuesday-Blitz-October-03-2023"]
[Site "Chess.com"]
[Date "2023.10.03"]
[Round "6"]
[White "Chempiblinka"]
[Black "rdarruda"]
[Result "0-1"]
[WhiteElo "2306"]
[BlackElo "2473"]
[TimeControl "180+1"]
[EndTime "15:04:41 PDT"]
[Termination "rdarruda won by resignation"]

1. Nf3 d5 2. c4 c6 3. g3 Nf6 4.
Bg2 g6 5. O-O Bg7 6. d4 O-O 7.
Nbd2 Bf5 8. Nh4 Be6 9. b3 Na6 10.
Bb2 c5 11. dxc5 Nxc5 12. cxd5 Bxd5 13. e4 Bc6 14. Qe2 Qd3 15. Rfe1 Rfd8 16. Nc4 Qxe2 17. Rxe2 Bxe4 18. Bxe4 Ncxe4 19. Rae1 e6 20. Rxe4 Nxe4 21. Rxe4 Bxb2 22. Nxb2 Rd2 23. Nc4 Rxa2 24. Rd4 b5 25. Ne5 a5 26. Rd7 a4 27. bxa4 R2xa4 28. Nxf7 R4a7 29. Nh6+ Kf8 30. Rd4 Ra4 31. Rd7 R8a7 32.
Rd8+ Kg7 33. Ng8 Rb7 34. Nf3 b4 35. Nd4 Ra6 36. Nb3 Raa7 37. Nc5 Rb6 38. Nb3 Ra3 39. Rd7+ Kxg8 40. Rd3 Rc6 41. Kg2 Kg7 42. Rd7+ Kh6 43. Nd4 Rb6 44. h4 b3 45. Nf3 Ra5 46. Ng5 Rxg5 47.
hxg5+ Kxg5 48. Rd1 b2 49. Rb1 Kf5 50. Kf3 Rb3+ 51.
Ke2 Ke4 52. Kd2 Kf3 53. Ke1 Rb7 54. Kf1 h5 55. Kg1 g5 56. Kf1 e5 57. Kg1 e4 58.
Kh2 Kxf2 59. Kh3 e3 60. g4 e2 61. gxh5 e1=Q 0-1

[Event "Late-Titled-Tuesday-Blitz-October-03-2023"]
[Site "Chess.com"]
[Date "2023.10.03"]
[Round "6"]
[White "OparinGrigoriy"]
[Black "kuli4ik"]
[Result "1-0"]
[WhiteElo "3009"]
[BlackElo "2930"]
[TimeControl "180+1"]
[EndTime "15:04:42 PDT"]
[Termination "OparinGrigoriy won on time"]

1. c4 g6 2. Nc3 Bg7 3. d4 d6 4. e4 e5 5. d5 a5 6. Bd3 Na6 7. Nge2 Nc5 8. Bc2 Bh6 9. Bxh6 Nxh6 10. Qd2 Ng4 11. f3 Nf6 12. O-O-O Bd7 13. g4 Qb8 14. g5 Nh5 15. f4 O-O 16. fxe5 dxe5 17. Qe3 Qa7 18. Kb1 Qb6 19. d6 c6 20. Ng3 Nf4 21. Nce2 Bg4 22. Nxf4 exf4 23. Qxf4 Bxd1 24. Rxd1 Ne6 25. Qd2 Qc5 26. h4 Qe5 27. Nf1 Rad8 28. Ne3 Qf4 29. e5 Qxh4 30. Rg1 Qf4 31. Qc3 Qd4 32.
Qxd4 Nxd4 33. Ng4 Nf3 34. Rg3 Nd2+ 35. Kc1 Nxc4 36. Bb3 Nxd6 37. exd6 Rxd6 38. Nf6+ Kg7 39. Rh3 h5 40. Re3 Rxf6 41. gxf6+ Kxf6 42. Rf3+ Kg7 43. Kd2 Rd8+ 44. Ke3 f5 45. Rf1 Kf6 46. Rh1 b5 47. a4 Rd6 48. Ra1 b4 49. Rh1 Rd7 50. Rc1 1-0

[Event "Late-Titled-Tuesday-Blitz-October-03-2023"]
[Site "Chess.com"]
[Date "2023.10.03"]
[Round "6"]
[White "RichardLeyvaP"]
[Black "Alexandr_Predke"]
[Result "0-1"]
[WhiteElo "2604"]
[BlackElo "2892"]
[TimeControl "180+1"]
[EndTime "15:04:42 PDT"]
[Termination "Alexandr_Predke won by resignation"]

1. e4 c5 2. Nf3 e6 3. d4 cxd4 4. Nxd4 a6 5. Nc3 b5 6. Bd3 Bb7 7. Qe2 Nc6 8. Nxc6 Bxc6 9. a3 Ne7 10. Bd2 Ng6 11. f4 Bc5 12. O-O-O b4 13. axb4 Bxb4 14.
h4 Qa5 15. h5 Ne7 16. h6 gxh6 17. Nb1 Rb8 18. Rxh6 Qa1 19. Bxb4 Rxb4 20. c3 Rb6 21.
Rdh1 d5 22. e5 d4 23. c4 Rg8 24. R1h2 Rg3 25. R6h3 Re3 26. Rxe3 dxe3 27. g3 Nf5 28.
Rxh7 Nd4 29. Rh8+ Kd7 30. Qxe3 Qxb2+ 31. Kd1 Ba4+ 32. Ke1 Rb3 33. Kf1 Qxb1+ 34. Bxb1 Rxe3 35. Ra8 Rxg3 36. Ra7+ Kd8 37. Rxf7 Bd7 38. Rf8+ Kc7 39. Ra8 Kb7 40. Rd8 Kc7 41. Ra8 Bc8 42. Be4 Rg4 43. Kf2 Nb3 44. Ke3 Nc5 45. Ra7+ Kb6 46. Rf7 Rg3+ 47.
Kf2 Nxe4+ 48. Ke2 Nc3+ 49. Kf2 Ne4+ 50. Ke2 Ra3 51. Rf8 Bb7 52. f5 exf5 53. e6 Nd6 54.
Rd8 Kc7 55. e7 Bc6 56. c5 Ne8 57. Rd4 a5 58. Rd8 Ra4 59. Kd3 Re4 0-1

[Event "Late-Titled-Tuesday-Blitz-October-03-2023"]
[Site "Chess.com"]
[Date "2023.10.03"]
[Round "6"]
[White "I_am_Javi"]
[Black "HamedWafa4"]
[Result "1/2-1/2"]
[WhiteElo "2744"]
[BlackElo "2634"]
[TimeControl "180+1"]
[EndTime "15:04:46 PDT"]
[Termination "Game drawn - insufficient material"]

1. e4 e5 2. Nf3 Nc6 3. d4 exd4 4. Bc4 Nf6 5. O-O Nxe4 6. Re1 d5 7. Bxd5 Qxd5 8.
Nc3 Qa5 9. Nxe4 Be6 10. Bd2 Qd5 11. Bg5 Bd6 12. Bf6 O-O 13. Nxd4 Nxd4 14. Bxd4 Rad8 15.
Bc3 Qxd1 16. Raxd1 Be7 17. f3 b6 18. Kf2 Rxd1 19.
Rxd1 Rd8 20. Rxd8+ Bxd8 21. b3 f6 22. a4 Kf7 23.
Ke3 f5 24. Nf2 g5 25. f4 Bd5 26. g3 Ke6 27. Be5 c6 28. c4 Bg2 29. Nd3 h5 30. a5 bxa5 31. Nc5+ Kf7 32. Nb7 gxf4+ 33. Bxf4 Be7 34. Kd4 Bf3 35. Nxa5 c5+ 36. Ke3 Bh1 37. Bc7 Ke8 38. Ke2 Kd7 39. Bf4 Bd8 40. Bd2 h4 41. gxh4 Bxh4 42. b4 cxb4 43. Bxb4 f4 44. Bc5 a6 45.
Bf2 Bd8 46. Nb3 a5 47. h4 a4 48. Nc5+ Kd6 49. Nxa4 Ke5 50. Nc3 Kf5 51. Nd5 Kg4 52.
Nc3 Bf3+ 53. Kd3 Bxh4 54. Bxh4 Kxh4 55. Nd5 Bxd5 56. cxd5 f3 57. d6 Kg3 58. d7 f2 59.
d8=Q f1=Q+ 60. Kc2 Qf2+ 61. Qd2 Qc5+ 62. Qc3+ Qxc3+ 63. Kxc3 1/2-1/2

[Event "Late-Titled-Tuesday-Blitz-October-03-2023"]
[Site "Chess.com"]
[Date "2023.10.03"]
[Round "6"]
[White "Hrant_ChessMood"]
[Black "Hikaru"]
[Result "0-1"]
[WhiteElo "2977"]
[BlackElo "3278"]
[TimeControl "180+1"]
[EndTime "15:04:47 PDT"]
[Termination "Hikaru won on time"]

1. d4 c5 2. d5 e5 3. Nc3 a6 4. a4 d6 5. e4 g6 6. Nf3 Bg4 7. Be2 Bxf3 8. Bxf3 Bh6 9. h4 Bxc1 10.
Qxc1 h5 11. g3 Nd7 12. Bg2 Ne7 13. O-O Kf8 14. a5 Kg7 15. Nd1 c4 16. Ne3 Rc8 17. Qd2 c3 18. bxc3 Qc7 19. Rfb1 Nc5 20. c4 Rce8 21. Rb6 Rhf8 22. Ra3 f5 23. exf5 gxf5 24. Qd1 Rh8 25. Bh3 Ref8 26. Ng2 Rf6 27. Kh2 Ng6 28. Rb1 f4 29. gxf4 Nxf4 30. Nxf4 Rxf4 31. Rg3+ Kf8 32. Qe2 Ne4 33. Rf3 Qf7 34. Rbb3 Nc5 35. Rbe3 Rh6 36. Rxf4 Qxf4+ 37. Kg2 Qxh4 38. Rf3+ Kg7 39. Rg3+ Rg6 40. Bf5 Rxg3+ 41. fxg3 Qg5 42. Bh3 h4 43. Qg4 Qxg4 44. Bxg4 b6 45. axb6 a5 46. Bc8 a4 47. b7 h3+ 48. Kxh3 Nxb7 49. Bxb7 a3 50. c5 a2 51. c6 a1=Q 52. c7 Qh1+ 53. Kg4 Qd1+ 54. Kh3 Qh1+ 55. Kg4 Qe4+ 56. Kh3 Qf5+ 57. Kh2 Qxc2+ 58. Kh3 Qxc7 0-1

[Event "Late-Titled-Tuesday-Blitz-October-03-2023"]
[Site "Chess.com"]
[Date "2023.10.03"]
[Round "6"]
[White "esskeettit"]
[Black "IPAchess"]
[Result "0-1"]
[WhiteElo "2460"]
[BlackElo "2339"]
[TimeControl "180+1"]
[EndTime "15:04:47 PDT"]
[Termination "IPAchess won by resignation"]

1. d4 d5 2. c4 e6 3. Nc3 Nf6 4.
cxd5 exd5 5. Bg5 c6 6. e3 h6 7. Bh4 Be7 8. Bd3 O-O 9. Nge2 Nbd7 10. O-O a5 11. f3 b5 12. Kh1 Re8 13. Bf2 b4 14. Na4 c5 15. b3 Bb7 16. Rc1 Rc8 17.
Bb5 Rf8 18. Nf4 Bd6 19. dxc5 Nxc5 20. Nxc5 Rxc5 21. Rxc5 Bxc5 22. Qd3 Qb6 23. Rc1 Rd8 24. Ne2 Qa7 25. Nd4 Bb6 26. Bg3 Rc8 27. Rxc8+ Bxc8 28. h3 Qe7 29. Bf4 Nh5 30. Nc6 Qc5 31. Bh2 Be6 32.
Bg1 Ng3+ 33. Kh2 Qd6 34. f4 Ne4 35. g3 h5 36. h4 Nc3 37. Ne5 Bc7 38. Bd7 Bxd7 39.
Nxd7 Qxd7 40. e4 Nxe4 41. Qd4 Nf6 42. Qa7 Ng4+ 43. Kh3 Kh7 44. Kg2 Qe7 45. Qd4 Qe2+ 46. Kh3 Nf6 47. f5 Qg4+ 48. Qxg4 Nxg4 49. Kg2 Be5 50.
Bd4 Bxd4 51. Kf3 Bf6 52. Kf4 g6 53. fxg6+ fxg6 54. Kf3 g5 55. hxg5 Bxg5 56. Ke2 Bf6 57. Kd3 Bc3 58. Kc2 d4 59. Kb1 Kg6 60. Kc1 Kg5 61. Kc2 Kf5 62. Kb1 Ke4 63. Kc1 Kf3 64. Kc2 Kxg3 0-1

[Event "Late-Titled-Tuesday-Blitz-October-03-2023"]
[Site "Chess.com"]
[Date "2023.10.03"]
[Round "6"]
[White "Rud_Makarian"]
[Black "Iball95"]
[Result "1-0"]
[WhiteElo "2963"]
[BlackElo "2772"]
[TimeControl "180+1"]
[EndTime "15:04:50 PDT"]
[Termination "Rud_Makarian won by checkmate"]

1. d4 d5 2. c4 e6 3. Nf3 Nf6 4. g3 c5 5. Bg2 cxd4 6. O-O Bc5 7.
Nxd4 O-O 8. cxd5 Nxd5 9. Nc3 Nxc3 10. bxc3 e5 11. Nb3 Bd6 12. c4 Qc7 13. c5 Bxc5 14. Nxc5 Qxc5 15. Qb3 Qc7 16. Ba3 Rd8 17. Rfd1 Nc6 18.
Bxc6 Rxd1+ 19. Rxd1 bxc6 20. Bd6 Qb6 21. Bc5 Be6 22. Qc3 Qa6 23. Qxe5 Qxa2 24. f3 f6 25. Qe3 Re8 26. Ra1 Qc4 27. Rc1 Qa2 28. Kf2 a5 29. Qc3 a4 30. Be3 Bd5 31. Ra1 Qb3 32. Qc5 Ra8 33. Ra3 Qb5 34. Qe7 Bb3 35. g4 h5 36. g5 fxg5 37. Bd4 Bf7 38. Re3 Re8 39. Qd6 Rxe3 40. Kxe3 Qb3+ 41. Kf2 Qd5 42. Qb4 Qc4 43. Qb8+ Kh7 44. Qe5 Kg6 45. Qxg7+ Kf5 46. Qf6# 1-0

[Event "Late-Titled-Tuesday-Blitz-October-03-2023"]
[Site "Chess.com"]
[Date "2023.10.03"]
[Round "6"]
[White "tdf98pantani"]
[Black "alexrustemov"]
[Result "1-0"]
[WhiteElo "2700"]
[BlackElo "2816"]
[TimeControl "180+1"]
[EndTime "15:04:50 PDT"]
[Termination "tdf98pantani won on time"]

1. Nf3 d5 2. e3 c6 3. c4 Nf6 4. b3 Bf5 5. Bb2 h6 6. Nc3 e6 7.
Be2 Nbd7 8. O-O Bd6 9. d3 Bh7 10. a3 a5 11. g3 Qe7 12. Re1 O-O 13. Bf1 Rfd8 14. Qc2 e5 15. cxd5 cxd5 16. Nb5 Rac8 17.
Qd2 b6 18. Nxd6 Qxd6 19. Rac1 Bf5 20. d4 Ne4 21. Qe2 Bg4 22. dxe5 Qe7 23. h3 Bxf3 24. Qxf3 Nxe5 25. Qf5 Rxc1 26. Rxc1 f6 27. Rc8 Rxc8 28. Qxc8+ Kf7 29. Bxe5 fxe5 30. Bb5 Nf6 31. Qc6 Qc5 32. Qxc5 bxc5 33. f3 g5 34. Kf2 Ke6 35. Ke2 Nh5 36.
Kf2 Kd6 37. h4 gxh4 38. gxh4 Ng7 39. Bd3 Ke6 40. Kg3 Kf6 41. Kg4 Ne6 42. Kh5 d4 43. exd4 Nf4+ 44. Kxh6 Nxd3 45. dxc5 Nxc5 46. b4 axb4 47.
axb4 Ne6 48. h5 Nd4 49. Kh7 Kf7 50. h6 Nxf3 51. b5 Ng5+ 52. Kh8 Ne6 53. b6 Nc5 54. h7 1-0

[Event "Late-Titled-Tuesday-Blitz-October-03-2023"]
[Site "Chess.com"]
[Date "2023.10.03"]
[Round "6"]
[White "Denis_Makhnyov"]
[Black "Jospem"]
[Result "1-0"]
[WhiteElo "2954"]
[BlackElo "3045"]
[TimeControl "180+1"]
[EndTime "15:04:52 PDT"]
[Termination "Denis_Makhnyov won on time"]

1. d4 Nf6 2. c4 e6 3. Nf3 Bb4+ 4. Bd2 c5 5. Bxb4 cxb4 6. e3 a5 7. Nbd2 b6 8. Bd3 Bb7 9. e4 d6 10. O-O O-O 11. Re1 Nc6 12. Nf1 e5 13. Ng3 g6 14.
Qd2 Nd7 15. Bc2 Qf6 16. Ba4 Rad8 17. Rad1 Qe7 18. h4 Nf6 19. Bxc6 Bxc6 20. Qg5 Kh8 21. dxe5 dxe5 22. Nxe5 Rxd1 23. Rxd1 Be8 24. Ng4 Ng8 25. Qxe7 Nxe7 26. Nf6 Kg7 27. e5 Bc6 28. f3 Rc8 29.
b3 h6 30. Kf2 b5 31. Rd4 bxc4 32. Rxc4 Rd8 33. Nge4 Bxe4 34. Nxe4 Nf5 35. Rc7 a4 36.
e6 Nd6 37. Nxd6 Rxd6 38. e7 Re6 39. bxa4 Kf6 40. Rc6 Kxe7 41. Rxe6+ Kxe6 42. Ke3 Kd5 43. Kd3 Kc5 44. Kc2 Kc4 45. Kb2 f5 46. f4 Kd4 47. Kb3 Kc5 48. a5 Kb5 49. a6 Kxa6 50. Kxb4 Kb6 51. Kc4 g5 52. fxg5 hxg5 53. hxg5 Kc6 54. g6 Kd6 55. a4 Ke5 56. a5 Kf4 57. g7 Kg3 58. g8=Q+ Kf2 59. a6 f4 60. a7 Kg1 61. a8=Q Kh1 62. g3+ Kg1 63. gxf4+ 1-0

[Event "Late-Titled-Tuesday-Blitz-October-03-2023"]
[Site "Chess.com"]
[Date "2023.10.03"]
[Round "6"]
[White "HajiyevKanan"]
[Black "maracayo"]
[Result "1-0"]
[WhiteElo "2546"]
[BlackElo "2405"]
[TimeControl "180+1"]
[EndTime "15:04:54 PDT"]
[Termination "HajiyevKanan won on time"]

1. d4 d6 2. Nf3 Nf6 3. g3 Nbd7 4. Bg2 e5 5. O-O Be7 6. c4 O-O 7. b3 c6 8. Ne1 Re8 9. Bb2 Qc7 10. Nc3 Bf8 11. e4 exd4 12. Qxd4 a6 13. Rd1 b5 14.
cxb5 axb5 15. a4 b4 16. Qxb4 Ba6 17. Nd3 d5 18. Qd4 c5 19. Nxd5 Nxd5 20. Qxd5 Nb6 21. Qg5 c4 22. bxc4 Nxc4 23. Ba1 h6 24. Qc1 Qa5 25.
Rfe1 Rac8 26. Nb2 Ba3 27. Nxc4 Qxe1+ 28. Rxe1 Bxc1 29. Nd6 Bd2 30. Rd1 Bb4 31. Nxe8 Rxe8 32. e5 Be2 33. Rd7 Bg4 34. Rb7 Bc5 35. Bd5 Rd8 36.
Bxf7+ Kh7 37. Kg2 Rd2 38. Rb2 Rd1 39. Ra2 Bf5 40. e6 Be4+ 41. f3 Rg1+ 42. Kh3 Bd5 43. Re2 g5 44. Bh5 Bxe6+ 45. Rxe6 Rxa1 46. Bg4 Rxa4 47. Rc6 Bd4 48. Bf5+ Kg7 49. Rg6+ Kf7 50. Rxh6 Ra3 51. Be4 Bg1 52. Kg4 Be3 53. Rh7+ Kg8 54. Rh6 Kg7 55. Rg6+ Kf7 56. Rc6 1-0

[Event "Late-Titled-Tuesday-Blitz-October-03-2023"]
[Site "Chess.com"]
[Date "2023.10.03"]
[Round "6"]
[White "YouShallNotPass001"]
[Black "Dacean99"]
[Result "1-0"]
[WhiteElo "2403"]
[BlackElo "2529"]
[TimeControl "180+1"]
[EndTime "15:04:57 PDT"]
[Termination "YouShallNotPass001 won by checkmate"]

1. Nf3 d5 2. e3 Nf6 3. Be2 c5 4. O-O Nc6 5. d4 Bg4 6. dxc5 e6 7. b4 Nxb4 8. Ba3 Nc6 9. h3 Bh5 10. c4 Be7 11. Nc3 Qa5 12. Qb3 dxc4 13. Bxc4 Bxf3 14. gxf3 O-O 15. Kh1 Bxc5 16. Bb2 Qb6 17. Rg1 Ne5 18. Na4 Qxb3 19. Bxb3 Bd6 20. Rad1 Bc7 21. f4 Ne4 22.
fxe5 Nxf2+ 23. Kg2 Nxd1 24. Rxd1 Rad8 25. Rxd8 Rxd8 26.
Bd4 b5 27. Nc3 a6 28. Kf3 Ba5 29. Ne4 Bb4 30. Ke2 a5 31. Bc2 a4 32. Bd3 Rb8 33. Nd6 Bxd6 34. exd6 Kf8 35. Be4 f6 36. Bc6 a3 37.
Ba7 Rd8 38. d7 Ke7 39. Bc5+ Kf7 40. Bb6 Ke7 41. Bxd8+ Kxd8 42. Bxb5 Kc7 43. Kd3 g5 44. Kc3 h5 45. Kb3 f5 46. Kxa3 e5 47. Kb3 g4 48.
hxg4 fxg4 49. Kc3 h4 50. Bf1 Kxd7 51. Kd3 h3 52. Ke4 Ke6 53. a4 Kd6 54. Kf5 h2 55.
Bg2 g3 56. Kg4 Kc5 57. Kxg3 Kc4 58. Kxh2 Kd3 59. a5 Kxe3 60. a6 Kf2 61. a7 e4 62.
a8=Q e3 63. Qe8 Ke1 64. Kg3 e2 65. Kf3 Kd1 66. Qxe2+ Kc1 67. Ke3 Kb1 68. Kd3 Ka1 69. Kc3 Kb1 70. Qb2# 1-0

[Event "Late-Titled-Tuesday-Blitz-October-03-2023"]
[Site "Chess.com"]
[Date "2023.10.03"]
[Round "6"]
[White "dretch"]
[Black "FairChess_on_YouTube"]
[Result "0-1"]
[WhiteElo "2840"]
[BlackElo "3042"]
[TimeControl "180+1"]
[EndTime "15:04:58 PDT"]
[Termination "FairChess_on_YouTube won by resignation"]

1. d4 Nf6 2. c4 d6 3. Nf3 g6 4. Nc3 Bf5 5. d5 c5 6. g3 Bg7 7. Bg2 Ne4 8. Nxe4 Bxe4 9. O-O O-O 10. Bh3 Bxf3 11. exf3 b5 12. cxb5 a6 13. bxa6 Nxa6 14. Re1 Ra7 15. Bf1 Qb6 16. Rb1 Rb8 17. Bg5 Rbb7 18.
a3 h6 19. Be3 Nc7 20. Qd2 Qb3 21. Bxh6 Nxd5 22. Bxg7 Kxg7 23. h4 Nf6 24. f4 d5 25.
Bg2 e6 26. Re3 Qa2 27. Qc2 c4 28. Bf3 Rb6 29. Bd1 Rab7 30. b4 cxb3 31. Rexb3 Qxc2 32. Bxc2 Rxb3 33. Rxb3 Rc7 34. Bd3 Rc1+ 35. Kg2 Ra1 36.
Bb5 Ne4 37. Bd3 Nc5 38. Rc3 Na4 39. Rb3 Ra2 40. Bb5 Nc5 41. Rf3 Ne4 42. a4 Kf6 43. g4 Kg7 44. g5 Nc5 45. Kg3 Ne4+ 46. Kg2 Nc5 47. Kg1 Nxa4 48. Bxa4 Rxa4 49. Kg2 Ra1 50. Rd3 Re1 51. Kf3 Rg1 52. Rd2 Rh1 53.
Kg3 Ra1 54. Kf3 Ra3+ 55. Kg4 Ra4 56. Rd1 Kf8 57. Kg3 Ke7 58. Kf3 Kd6 59. Rb1 Ra7 60.
Rc1 Ra3+ 61. Kg4 d4 62. Rc8 Kd5 63. Rd8+ Ke4 64. Rd7 d3 65. Kg3 d2+ 66. Kg2 Rd3 67. f3+ Ke3 0-1

[Event "Late-Titled-Tuesday-Blitz-October-03-2023"]
[Site "Chess.com"]
[Date "2023.10.03"]
[Round "6"]
[White "Angry_Twin"]
[Black "Firouzja2003"]
[Result "0-1"]
[WhiteElo "2935"]
[BlackElo "3123"]
[TimeControl "180+1"]
[EndTime "15:05:03 PDT"]
[Termination "Firouzja2003 won by resignation"]

1. e4 c5 2. Nf3 d6 3. Bb5+ Nd7 4. O-O a6 5. Bd3 Ngf6 6. Re1 e6 7. c3 b5 8. a4 Bb7 9. Bc2 Be7 10. d4 O-O 11. Nbd2 Qc7 12. Nf1 Rfc8 13. Bd3 Bc6 14. axb5 axb5 15.
Rxa8 Rxa8 16. Ng3 Qb7 17. b3 cxd4 18. cxd4 b4 19. Qc2 Bb5 20. Bd2 Bxd3 21. Qxd3 d5 22.
e5 Ne8 23. h4 Nc7 24. h5 h6 25.
Nh2 Qa6 26. Qc2 Nb5 27. Nf3 Na3 28. Qb2 Qd3 29. Rc1 Nb5 30. Qb1 Qxb1 31. Rxb1 Ra2 32. Nf1 Nc3 33. Bxc3 bxc3 34. Rc1 Bb4 35. Ne1 Rb2 36.
Ne3 Rxb3 37. N1c2 Nb6 38. Ra1 Bf8 39. Ra7 Nc4 40. Rc7 Rb1+ 41. Kh2 Rb2 42. Kg3 Nd6 43. Kg4 Nb5 44. Rc8 Ra2 45. f4 Ra4 46.
Kf3 Nxd4+ 47. Nxd4 Rxd4 48. Rxc3 Ra4 49. Rc8 Ra3 50.
Ke2 Ra2+ 51. Kf3 Ra3 52. Ke2 d4 53. Ng4 Rg3 54. Nf2 Rxg2 55. Kf3 Rh2 56. Ne4 Rxh5 57. Nc5 Rh3+ 58. Ke4 Rc3 59. Kxd4 Rxc5 60. Rxc5 Bxc5+ 0-1

[Event "Late-Titled-Tuesday-Blitz-October-03-2023"]
[Site "Chess.com"]
[Date "2023.10.03"]
[Round "6"]
[White "JoakimVonAnd"]
[Black "pedromartinez91"]
[Result "0-1"]
[WhiteElo "2709"]
[BlackElo "2568"]
[TimeControl "180+1"]
[EndTime "15:05:03 PDT"]
[Termination "pedromartinez91 won by checkmate"]

1. Nf3 d5 2. g3 Nc6 3. d4 Bg4 4. Bg2 Bd7 5. O-O Nf6 6. c4 e6 7.
Nc3 Be7 8. Ne5 dxc4 9. Nxc4 O-O 10. Bf4 Be8 11. e3 Nd5 12. h4 Nxf4 13. exf4 Qxd4 14.
Qxd4 Nxd4 15. Bxb7 Rb8 16. Bg2 Rxb2 17. Rab1 Rc2 18. Rfd1 c5 19. Rb7 Rxc3 20. Rxe7 Rxc4 21. Rxa7 Bc6 22. Bxc6 Nxc6 23. Rc7 Nd4 24. a4 Ra8 25. a5 g6 26. Ra1 Nb3 27. Ra3 Nxa5 28. Kg2 Rc2 29. h5 gxh5 30. Kf3 Rb2 31. Kg2 Rb5 32.
Ra4 Rf8 33. Ra7 Nb3 34. Rc7 Nd4 35. Rc4 Nf5 36. Ra4 Rd8 37. Raa7 Nh6 38. f5 exf5 39. Ra6 Kg7 40. Rac6 Rd2 41. Rxc5 Rbb2 42. Kf3 Rxf2+ 43. Ke3 Rbe2+ 44. Kd4 Re6 45. Ra7 Rg2 46. Rcc7 Rxg3 47.
Rcb7 h4 48. Kd5 h3 49. Rb2 Rg2 50. Raa2 Reg6 51. Ke5 h2 52. Rxg2 h1=Q 53. Rxg6+ hxg6 54. Kf4 Qe4+ 55. Kg3 Qe5+ 56. Kf2 Qd4+ 57. Kg3 f4+ 58. Kh2 Ng4+ 59. Kh3 Qe3+ 60. Kg2 Qg3+ 61. Kf1 Qd3+ 62. Kg2 Qd5+ 63. Kh3 Qxa2 64. Kxg4 Qg2+ 65. Kxf4 Qd5 66. Kg4 Kh6 67. Kg3 f6 68. Kf4 g5+ 69. Kg4 f5+ 70. Kg3 Kh5 71. Kf2 Qg8 72. Kg2 f4 73. Kf2 g4 74.
Kg2 Kg5 75. Kf2 Qg7 76. Kg2 Qh6 77. Kf2 Qh2+ 78. Kf1 f3 79. Ke1 g3 80. Kd1 Qe2+ 81.
Kc1 f2 82. Kb1 g2 83. Kc1 g1=N 84. Kb1 Nf3 85. Kc1 Nd4 86. Kb1 f1=B 87. Kc1 Bg2 88. Kb1 Be4+ 89. Kc1 Qc2# 0-1

[Event "Late-Titled-Tuesday-Blitz-October-03-2023"]
[Site "Chess.com"]
[Date "2023.10.03"]
[Round "6"]
[White "canary2016"]
[Black "quvnoq_muxlis"]
[Result "0-1"]
[WhiteElo "2156"]
[BlackElo "2762"]
[TimeControl "180+1"]
[EndTime "15:05:03 PDT"]
[Termination "quvnoq_muxlis won by checkmate"]

1. e4 c5 2. d4 cxd4 3. c3 d3 4.
Bxd3 Nc6 5. Nf3 Nf6 6. O-O e6 7. Bg5 Qc7 8. Re1 Ng4 9. h3 h6 10. Bh4 Nge5 11. Nxe5 Nxe5 12. Bg3 Bd6 13. Bf1 h5 14.
Nd2 h4 15. Bh2 b6 16. Nb3 Nf3+ 17. Qxf3 Bxh2+ 18. Kh1 Bb7 19. Nd4 a6 20. Rad1 Be5 21.
Qg4 O-O-O 22. Nf3 Bf6 23. e5 Be7 24. Rd4 Kb8 25. Rc4 Bc6 26. Nd4 b5 27. Nxc6+ dxc6 28. Rd4 g6 29. Red1 Qxe5 30. Qf3 Bd6 31. g3 hxg3 32.
fxg3 c5 33. R4d2 Qxg3 34. Qxg3 Bxg3 35. Rxd8+ Rxd8 36. Rxd8+ Kc7 37. Rd3 Bf4 38. Rf3 e5 39.
Kg2 Kd6 40. Bd3 Ke6 41. Be4 f5 42. Bb7 a5 43. Ba6 b4 44. Bc4+ Kf6 45. cxb4 cxb4 46. a3 Bc1 47. axb4 axb4 48. Rb3 Bd2 49. Kf3 e4+ 50. Ke2 e3 51. Bd3 Ke5 52. Ba6 Kf4 53. Bc8 Kg3 54. Be6 Kxh3 55. Bf7 g5 56. Bg6 Kg4 57. Bf7 f4 58. Be6+ Kg3 59. Bd5 g4 60. Rd3 f3+ 61. Bxf3 gxf3+ 62. Kf1 e2+ 63. Kg1 e1=Q# 0-1

[Event "Late-Titled-Tuesday-Blitz-October-03-2023"]
[Site "Chess.com"]
[Date "2023.10.03"]
[Round "6"]
[White "Aswathchess"]
[Black "Vegan4future"]
[Result "1-0"]
[WhiteElo "2599"]
[BlackElo "2402"]
[TimeControl "180+1"]
[EndTime "15:05:04 PDT"]
[Termination "Aswathchess won by checkmate"]

1. d4 d5 2. c4 c6 3. Nf3 Nf6 4. Qc2 dxc4 5. Qxc4 Bf5 6. g3 Nbd7 7.
Bg2 e6 8. O-O Be7 9. Nc3 Ne4 10.
Nh4 Bxh4 11. Nxe4 Be7 12. Qb3 Nb6 13. e3 O-O 14. Bd2 h5 15. Ba5 Qd5 16. Nf6+ Bxf6 17.
Bxd5 Nxd5 18. Qxb7 Rab8 19. Qxa7 Ra8 20. Qc5 Be7 21. Qxc6 Rxa5 22. a3 h4 23. b4 Raa8 24. Rfc1 hxg3 25. hxg3 Be4 26. Qc4 g6 27. Qe2 Nf6 28. f3 Bd5 29. e4 Bb3 30. Rc7 Bd8 31. Rc3 Bb6 32. Kg2 Bxd4 33. Qd2 e5 34. Rxb3 Bxa1 35. b5 Bd4 36. Qb4 Rfb8 37. a4 Bb6 38.
Rd3 Bd4 39. f4 Ng4 40. Kf3 Nf6 41. Qd6 Ne8 42. Qb4 Bb6 43. fxe5 Ba5 44. Qc4 Ng7 45. Rd7 Ne6 46. Re7 Rc8 47. Qd5 Rc3+ 48. Kg4 Rac8 49. Qd7 Rf8 50. Rxe6 fxe6 51. Qxe6+ Kg7 52. Qd7+ Rf7 53.
Qd4 Rff3 54. e6+ Kh6 55. Qh8# 1-0

[Event "Late-Titled-Tuesday-Blitz-October-03-2023"]
[Site "Chess.com"]
[Date "2023.10.03"]
[Round "6"]
[White "maksimys18"]
[Black "RETURNOFTHELAGGER"]
[Result "0-1"]
[WhiteElo "2521"]
[BlackElo "2678"]
[TimeControl "180+1"]
[EndTime "15:05:05 PDT"]
[Termination "RETURNOFTHELAGGER won by checkmate"]

1. d4 Nf6 2. Nf3 g6 3. c4 Bg7 4.
Nc3 d5 5. cxd5 Nxd5 6. e4 Nxc3 7.
bxc3 O-O 8. Be2 c5 9. O-O b6 10.
Be3 cxd4 11. cxd4 Bb7 12. d5 Bxa1 13. Qxa1 f6 14. Nd4 Qd6 15. Ne6 Rc8 16. Bf4 Qb4 17. d6 Nd7 18. Nc7 Rab8 19. Bg4 Qxe4 20. f3 Qxf4 21.
Bxd7 Qxd6 22. Be6+ Kg7 23. Bxc8 Rxc8 24. Nb5 Qc5+ 25.
Nd4 e5 26. Kh1 Qxd4 27. Qb1 Rd8 28. Qb5 Qd3 29. Qxd3 Rxd3 30. Rc1 Rd7 31. h4 Kh6 32. Kh2 Kh5 33. Kg3 g5 34. hxg5 Kxg5 35. Rc4 h5 36. a4 Bd5 37. Rb4 Be6 38. Kh2 Rd4 39. Rb2 Rxa4 40. Rc2 Rh4+ 41. Kg3 Rc4 42. Rd2 h4+ 43.
Kh2 h3 44. gxh3 Rh4 45. Rd6 Bxh3 46. Kg3 Bf5 47. Rd8 Rh3+ 48. Kg2 Rh6 49. Kf2 Kf4 50. Ra8 Rh2+ 51. Kg1 Ra2 52. Kf1 Kxf3 53. Ke1 e4 54. Kd1 e3 55. Re8 e2+ 56. Ke1 Ra1+ 57. Kd2 Be4 58. Kc3 e1=Q+ 59. Kd4 Qe3+ 60. Kc4 Bd3+ 61. Kb4 Qxe8 62. Kc3 Qe5+ 63. Kd2 Ra2+ 64. Kc1 Qb2+ 65. Kd1 Qd2# 0-1